Map: Blackpink LE

Players

Gerald

  • Race: Protoss Protoss
  • Spawn Location: 7:00

NightEnD - Winner!

  • Race: Protoss Protoss
  • Spawn Location: 1:00

Event: WCS Leipzig 2018

VOD

Have the link to the VOD?

Description

Time

  • Played on: Jan. 26, 2018, 8:25 a.m.
  • Length: 14:24

All games in this series

Show
View Real Time Build Order
Export as new Build Order

Gerald Protoss 

Build Orders: Archon Immortal, Blink Stalkers 

Get SALT Encoding   

  12  0:00  Probe  
  13  0:13  Probe  
  14  0:17  Pylon  
  14  0:25  Probe (Chrono Boost)  
  16  0:37  Probe (Chrono Boost)  
  16  0:39  Gateway  
  16  0:42  Probe (Chrono Boost)  
  16  0:45  Assimilator  
  17  0:52  Probe (Chrono Boost)  
  19  1:04  Probe (Chrono Boost), Assimilator  
  19  1:11  Probe (Chrono Boost)  
  20  1:12  Gateway  
  20  1:18  Probe  
  21  1:30  Probe  
  21  1:31  Cybernetics Core  
  22  1:40  Pylon  
  22  1:42  Probe  
  23  1:58  Probe  
  24  2:08  Adept, Warp Gate (Chrono Boost)  
  26  2:10  Adept  
  28  2:16  Probe  
  28  2:19  Pylon  
  28  2:21  Twilight Council  
  29  2:31  Pylon  
  29  2:33  Probe  
  29  2:36  Stalker  
  32  2:45  Probe  
  33  3:01  Probe  
  34  3:08  Nexus  
  34  3:13  Probe  
  34  3:14  Stalker  
  37  3:25  Blink (Chrono Boost)  
  37  3:26  Probe  
  38  3:34  Shield Battery  
  38  3:40  Pylon  
  38  3:44  Probe  
  39  3:57  Probe  
  39  4:01  Robotics Facility  
  39  4:02  Shield Battery  
  38  4:09  Probe  
  39  4:12  Stalker  
  39  4:13  Stalker  
  41  4:20  Probe  
  41  4:21  Probe  
  43  4:32  Probe  
  43  4:33  Probe  
  43  4:36  Stalker  
  47  4:38  Stalker  
  47  4:44  Probe  
  47  4:45  Probe, Pylon  
  51  4:48  Observer  
  52  4:54  Assimilator  
  52  4:56  Probe  
  52  4:57  Pylon  
  53  5:00  Assimilator  
  53  5:02  Probe  
  54  5:07  Forge  
  54  5:08  Stalker  
  54  5:10  Probe  
  57  5:14  Probe  
  57  5:16  Stalker  
  57  5:17  Observer  
  61  5:24  Probe  
  61  5:27  Pylon  
  62  5:28  Gateway  
  62  5:30  Probe  
  62  5:35  Stalker  
  65  5:38  Probe, Protoss Ground Weapons Level 1 (Chrono Boost)  
  66  5:50  Immortal (Chrono Boost)  
  70  5:58  Probe  
  71  6:05  Dark Shrine  
  71  6:08  Stalker  
  73  6:16  Warp Prism (Chrono Boost)  
  73  6:18  Stalker  
  77  6:25  Probe  
  78  6:26  Charge  
  78  6:33  Stalker  
  80  6:45  Probe, Immortal (Chrono Boost), Pylon  
  81  6:47  Observer  
  85  6:56  Gateway  
  85  6:57  Gateway  
  83  7:14  Nexus  
  83  7:19  Dark Templar x3  
  89  7:27  Immortal (Chrono Boost)  
  90  8:02  Immortal (Chrono Boost)  
  94  8:10  Protoss Ground Weapons Level 2 (Chrono Boost), Pylon  
  94  8:11  Pylon  
  94  8:15  Archon  
  94  8:22  Gateway  
  94  8:23  Gateway  
  94  8:25  Dark Templar  
  94  8:26  Immortal, Dark Templar x3  
  100  8:28  Gateway  
  100  8:33  Probe, Dark Templar  
  99  8:39  Archon x2  
  102  8:50  Pylon  
  102  9:00  Pylon x2  
  102  9:08  Immortal  
  106  9:13  Dark Templar x2  
  110  9:17  Archon  
  110  9:21  Pylon  
  110  9:28  Dark Templar  
  112  9:32  Zealot x4, Dark Templar  
  112  9:35  Archon  
  112  9:37  Immortal  
  122  9:46  Dark Templar  
  128  9:55  Archon  
  120  10:17  Dark Templar  
  120  10:18  Nexus, Dark Templar, Pylon  
  122  10:22  Zealot x3, Archon  
  122  10:23  Zealot x3  
  134  10:32  Pylon  
  134  10:34  Pylon  
  134  10:40  Observer  
  135  10:48  Dark Templar x3  
  141  10:52  Zealot, Archon  
  143  11:12  Dark Templar x2  
  143  11:13  Zealot  
  143  11:14  Zealot x2  
  143  11:17  Archon  
  153  11:28  Immortal (Chrono Boost)  
  88  11:57  Zealot  
  88  11:58  Zealot x7  
  92  12:04  Immortal (Chrono Boost)  
  96  12:19  Dark Templar x4  
  102  12:23  Zealot x3, Archon x2  
  102  12:24  Probe x2  
  110  12:32  Assimilator  
  110  12:34  Assimilator  
  110  12:45  Dark Templar x2  
  110  12:46  Zealot x3  
  110  12:49  Archon  
  120  12:52  Probe  
  120  12:56  Zealot x3  
  129  13:05  Immortal (Chrono Boost)  
  129  13:13  Dark Templar  
  129  13:14  Dark Templar  
  129  13:18  Archon  
  133  13:30  Dark Templar  
  133  13:31  Dark Templar  
  137  13:37  Immortal (Chrono Boost), Archon  
  137  13:39  Zealot x2  
  145  13:43  Zealot  
  123  13:55  Zealot x3  
  108  14:00  Dark Templar  
  50  14:18  Zealot x4  
Show
View Real Time Build Order
Export as new Build Order

NightEnD Protoss - Winner!

Build Orders: Archon Immortal 

Get SALT Encoding   

  12  0:00  Probe  
  13  0:12  Probe  
  14  0:18  Pylon  
  14  0:24  Probe  
  15  0:37  Probe  
  15  0:40  Gateway  
  16  0:47  Assimilator  
  16  0:49  Probe (Chrono Boost)  
  17  0:57  Assimilator  
  17  1:01  Probe (Chrono Boost)  
  18  1:07  Probe (Chrono Boost)  
  19  1:12  Gateway  
  19  1:17  Probe  
  20  1:29  Probe  
  20  1:31  Cybernetics Core  
  21  1:41  Probe, Pylon  
  22  1:53  Probe  
  23  2:05  Warp Gate (Chrono Boost)  
  23  2:07  Stalker  
  26  2:09  Stalker  
  26  2:12  Probe  
  28  2:27  Stargate  
  28  2:51  Nexus  
  28  3:06  Stalker  
  30  3:13  Pylon  
  30  3:16  Pylon  
  30  3:33  Robotics Facility  
  29  3:43  Pylon  
  29  4:01  Probe  
  30  4:06  Probe  
  30  4:07  Sentry x2  
  35  4:13  Probe  
  35  4:16  Shield Battery  
  36  4:17  Immortal (Chrono Boost)  
  36  4:18  Probe  
  36  4:19  Pylon  
  41  4:25  Probe  
  41  4:29  Oracle (Chrono Boost)  
  41  4:30  Probe  
  43  4:37  Probe  
  47  4:41  Shield Battery  
  47  4:42  Probe  
  48  4:48  Observer (Chrono Boost)  
  48  4:49  Probe  
  50  4:55  Probe  
  50  4:56  Stalker  
  53  5:00  Stalker  
  53  5:01  Probe (Chrono Boost)  
  53  5:04  Pylon  
  53  5:07  Probe (Chrono Boost)  
  57  5:13  Probe (Chrono Boost)  
  58  5:18  Probe (Chrono Boost)  
  58  5:20  Immortal (Chrono Boost)  
  59  5:21  Probe (Chrono Boost)  
  59  5:25  Probe  
  65  5:30  Probe  
  65  5:33  Pylon  
  66  5:37  Probe, Assimilator  
  66  5:38  Assimilator  
  67  5:43  Probe  
  67  5:48  Forge  
  68  5:51  Twilight Council  
  68  5:53  Probe  
  68  5:55  Probe  
  70  6:03  Immortal  
  74  6:07  Probe  
  74  6:10  Pylon  
  75  6:18  Protoss Ground Weapons Level 1 (Chrono Boost)  
  75  6:21  Probe  
  76  6:29  Charge  
  77  6:35  Zealot  
  77  6:36  Zealot  
  80  6:50  Gateway  
  80  6:51  Gateway  
  80  6:52  Gateway  
  80  6:55  Gateway  
  80  6:59  Templar Archives  
  80  7:08  Zealot x2  
  84  7:12  Pylon  
  84  7:14  Pylon  
  84  7:18  Gateway  
  84  7:19  Observer, Gateway  
  86  7:36  Zealot x2  
  90  7:50  Phoenix  
  90  7:56  Zealot x6  
  100  8:09  Robotics Facility  
  98  8:19  High Templar x2  
  102  8:20  High Templar  
  102  8:23  Pylon x2  
  102  8:25  Pylon  
  102  8:28  Archon  
  100  8:36  High Templar  
  100  8:39  Protoss Ground Weapons Level 2 (Chrono Boost)  
  102  8:48  Archon  
  102  8:49  Photon Cannon x2  
  102  8:53  Photon Cannon  
  102  8:56  Zealot  
  102  8:57  Zealot x3  
  110  9:25  Observer, High Templar x3  
  110  9:26  High Templar, Zealot x2  
  110  9:30  Archon  
  110  9:31  Archon  
  123  9:32  Nexus  
  123  9:33  Pylon  
  123  9:36  Assimilator  
  123  9:38  Assimilator  
  123  9:44  Immortal (Chrono Boost)  
  121  9:51  Pylon  
  125  9:55  Pylon  
  125  9:58  High Templar x2, Zealot  
  125  9:59  Zealot x2  
  133  10:07  Archon  
  133  10:12  Probe x2  
  135  10:23  High Templar x2, Zealot x3  
  135  10:24  Zealot  
  135  10:28  Archon  
  147  10:35  High Templar  
  149  10:41  Pylon  
  149  10:49  High Templar  
  151  10:50  Zealot x3  
  157  10:59  High Templar x2  
  157  11:01  Archon  
  161  11:04  Archon  
  158  11:12  Zealot x4  
  158  11:13  Zealot  
  168  11:21  Observer (Chrono Boost)  
  169  11:27  High Templar  
  155  11:33  High Templar  
  155  11:37  Archon  
  110  11:47  Zealot x5  
  110  11:48  Zealot  
  110  11:50  Observer (Chrono Boost)  
  106  12:00  Zealot  
  106  12:04  Warp Prism (Chrono Boost), Photon Cannon  
  106  12:07  Shield Battery  
  108  12:09  High Templar x3  
  108  12:10  High Templar, Zealot  
  108  12:15  Archon x2  
  114  12:27  Zealot x2  
  114  12:28  Zealot  
  120  12:36  Zealot  
  122  12:42  Zealot x4  
  130  12:49  Zealot x2  
  134  12:52  Zealot  
  136  13:03  High Templar x2  
  136  13:04  High Templar x2  
  144  13:08  Archon x2  
  144  13:09  High Templar x2  
  144  13:10  Zealot  
  150  13:14  Archon  
  150  13:16  Observer (Chrono Boost)  
  151  13:27  Zealot  
  153  13:40  Zealot  
  153  13:41  Zealot x3  
  157  13:49  High Templar x2  
  157  13:50  High Templar x2  
  157  13:54  Archon  
  145  13:56  Archon  
  145  14:06  Zealot x4  
  131  14:19  Zealot  
  131  14:20  Zealot x3  
Tags
 
Add a new tag
Caveats
  • Supply blocks, unpowered buildings, or Contaminate may cause inaccurate times.
  • Supply counts are checked every 10 seconds.